 Dungeon Crawl Stone Soup version 0.20.0-15-g7f486f2 (webtiles) character file.

112 maniacrov the Skirmisher (level 4, 0/41 HPs)
             Began as a Minotaur Berserker on June 16, 2017.
             Was a Believer of Trog.
             Slain by a gnoll
             ... wielding a +0 whip
              (3 damage)
             ... on level 3 of the Dungeon.
             The game lasted 00:06:48 (1735 turns).

maniacrov the Skirmisher (Minotaur Berserker)       Turns: 1735, Time: 00:06:49

Health: 0/41       AC:  6    Str: 23    XL:     4   Next: 63%
Magic:  3/3        EV: 12    Int:  4    God:    Trog [**....]
Gold:   85         SH:  0    Dex:  9    Spells: 3/3 levels left

rFire    . . .     SeeInvis .   a - +0 falchion
rCold    . . .     Gourm    .   (no shield)
rNeg     . . .     Faith    .   e - +1 leather armour
rPois    .         Spirit   .   d - +2 hat
rElec    .         Reflect  .   (no cloak)
rCorr    .         Harm     .   (no gloves)
MR       .....                  (no boots)
Stlth    +.........             (no amulet)
Regen    0.2/turn               (no ring)
MPRegen  0.1/turn               (no ring)

@: no status effects
A: retaliatory headbutt, horns 2
a: Berserk, Trog's Hand, Burn Spellbooks, Renounce Religion


You were on level 3 of the Dungeon.
You worshipped Trog.
Trog was pleased with you.
You were not hungry.

You visited 1 branch of the dungeon, and saw 3 of its levels.

You collected 85 gold pieces.

Inventory:

Hand Weapons
 a - a +0 falchion (weapon)
Armour
 d - a +2 hat (worn)
 e - a +1 leather armour (worn)
Jewellery
 l - an uncursed amulet of faith {unknown}
Potions
 b - a potion of invisibility {unknown}
 g - a potion of cancellation {unknown}
 h - a potion of curing {unknown}
 i - 3 potions of heal wounds {unknown}
 j - a potion of might {unknown}
 k - a potion of haste {unknown}
Comestibles
 c - a bread ration
 f - a meat ration


   Skills:
 * Level 4.9 Fighting
 + Level 4.7 Long Blades
 + Level 2.9 Armour
 + Level 3.1 Dodging


You had 3 spell levels left.
You didn't know any spells.

Dungeon Overview and Level Annotations

Branches:
Dungeon (3/15)

Altars:


Innate Abilities, Weirdness & Mutations

You reflexively headbutt those who attack you in melee.
You have a pair of horns on your head.


Message History

You barely miss the gnoll. You headbutt the gnoll.
The gnoll is severely wounded.
The gnoll closely misses you. The gnoll hits you but does no damage.
You hit the gnoll but do no damage.
The gnoll is severely wounded.
The gnoll barely misses you. The gnoll hits you but does no damage.
You barely miss the gnoll.
The gnoll is severely wounded.
The gnoll hits you with a whip!
* * * LOW HITPOINT WARNING * * *
The gnoll barely misses you.
You barely miss the gnoll.
The gnoll is severely wounded.
The gnoll closely misses you.
You riposte.
You barely miss the gnoll.
The gnoll is severely wounded.
The gnoll barely misses you.
You barely miss the gnoll. You headbutt the gnoll.
The gnoll is almost dead.
The gnoll hits you with a whip.
You die...

# ### ###.######.#
.....g.@...#
.......g.!.####.##
..................
.##+######.####.##
..... #.# #.. .....
#.####.##
......#........
......#.####.##
......#.####.#####.#


You could see 2 gnolls.

Vanquished Creatures
  A gnoll (D:3)
  4 adders (D:2)
  2 oozes (D:1)
  2 worms (D:2)
  A dart slug (D:1)
  A leopard gecko (D:1)
  A ball python (D:2)
  3 giant cockroaches
  5 goblins
  5 hobgoblins
  4 jackals (D:2)
  6 bats
  2 frilled lizards (D:1)
  4 kobolds
  9 rats
50 creatures vanquished.

Notes
Turn   | Place    | Note
-------+----------+-------------------------------------------
     0 | D:1      | maniacrov the Minotaur Berserker began the quest for the Orb.
     0 | D:1      | Reached XP level 1. HP: 19/19 MP: 0/0
   166 | D:1      | Reached XP level 2. HP: 25/27 MP: 1/1
   600 | D:1      | Reached XP level 3. HP: 26/33 MP: 2/2
  1219 | D:2      | Reached XP level 4. HP: 33/41 MP: 3/3
  1256 | D:2      | Reached ** piety under Trog
  1733 | D:3      | HP: 2/41 [gnoll/whip (7)]
  1735 | D:3      | Slain by a gnoll

Skill      XL: |  1  2  3  4 |
---------------+-------------+-----
Long Blades    | 4 |  4.7
Fighting       | 4 |  4.9
Dodging        | 3 |  3.1
Armour         | |  2.9

Action                   |  1- 3 |  4- 6 || total
-------------------------+-------+-------++-------
Melee: Falchion          |    60 |    39 ||    99
       Headbutt          |    13 |     8 ||    21
Invok: Burn Spellbooks   |     1 |       ||     1
  Use: Scroll            |     5 |     1 ||     6
 Stab: Sleeping          |     1 |       ||     1
  Eat: Bread ration      |     1 |       ||     1
Armor: Animal skin       |     3 |       ||     3
       Leather armour    |     7 |    10 ||    17
Dodge: Dodged            |    45 |    33 ||    78
       Rpst.: Falchion   |    12 |     6 ||    18
